 Dungeon Crawl Stone Soup version 0.31-a0-1591-g515db51633 (webtiles) character file.

Game seed: 6360925354106426169

63 ElSolo the Grave Robber (level 4, 0/31 HPs)
             Began as a Human Necromancer on Jan 6, 2024.
             Slain by Sigmund
             ... wielding a +0 scythe of holy wrath
              (7 damage)
             ... on level 2 of the Dungeon.
             The game lasted 00:17:26 (1351 turns).

ElSolo the Grave Robber (Human Necromancer)         Turns: 1351, Time: 00:17:26

Health: 0/31       AC:  5    Str:  8    XL:     4   Next: 10%
Magic:  1/8        EV: 12    Int: 17    God:
Gold:   61         SH:  0    Dex: 14    Spells: 7/8 levels left

rFire   . . .        c - +0 dagger
rCold   . . .        (no shield)
rNeg    . . .        a - +0 robe
rPois   .            (helmet restricted)
rElec   .            (no cloak)
rCorr   .            (no gloves)
SInv    .            d - +2 pair of boots
Will    +....        e - amulet of the acrobat
Stlth   ++           (no ring)
HPRegen 0.25/turn    (no ring)
MPRegen 0.11/turn

%: acrobat
@: about to teleport, enlightened, flying
A: explore regen, antennae 1, wild magic 1
a: no special abilities


You were on level 2 of the Dungeon.
You visited 1 branch of the dungeon, and saw 2 of its levels.

You collected 61 gold pieces.

Inventory:

Hand Weapons
 c - a +0 dagger (weapon)
Missiles
 f - 3 boomerangs
 i - a poisoned dart (quivered)
Armour
 a - a +0 robe (worn)
 d - a +2 pair of boots (worn)
Jewellery
 e - an amulet of the acrobat (around neck)
Scrolls
 g - a scroll of identify
 h - a scroll of noise
 l - a scroll of fog {unknown}
Potions
 b - a potion of magic


   Skills:
 + Level 0.6 Fighting
 + Level 2.2 Dodging
 + Level 2.1 Stealth
 + Level 2.7 Spellcasting
 + Level 4.8 Necromancy


You had 7 spell levels left.
You knew the following spells:

 Your Spells              Type           Power      Damage    Failure   Level
a - Necrotise             Necr           96%        1d8       4%          1

Your spell library contained the following spells:

 Spells                   Type           Power      Damage    Failure   Level
 Vampiric Draining        Necr           24%        2d7       12%         3
 Animate Dead             Necr           24%        N/A       32%         4
 Mercury Vapours          Alch/Air       6%         N/A       34%         2
 Hailstorm                Conj/Ice       3%         3d5       56%         3
 Mephitic Cloud           Conj/Alch/Air  3%         N/A       56%         3
 Summon Ice Beast         Ice/Summ       3%         N/A       56%         3
 Curse of Agony           Necr           24%        N/A       65%         5
 Freezing Cloud           Conj/Ice/Air   1%         6-21      99%         5
 Sculpt Simulacrum        Ice/Alch       1%         N/A       100%        6


Dungeon Overview and Level Annotations

Branches:
Dungeon (2/15)

Altars:

Annotations:
D:2 Sigmund


Innate Abilities, Weirdness & Mutations

You regain HP and MP as you explore.
You have a pair of small antennae on your head.
Your spells are a little harder to cast, but a little more powerful.


Message History

Aim: Sigmund, wielding a +0 scythe of holy wrath and wearing a +0 robe (moderately wounded, ally target, 50% to hit)
You throw a poisoned dart.
The poisoned dart closely misses Sigmund.
Your bat skeleton hits Sigmund.
Your bat skeleton hits Sigmund but does no damage.
Sigmund barely misses you.
Your bat skeleton hits Sigmund but does no damage.
Your quokka skeleton bites Sigmund but does no damage.
Your magical contamination has completely faded away.
Throw: 2 darts (poison)
Press: ? - help, Q - select action, (/) - cycle Shift-Dir - straight line, f/p - Sigmund
Aim: Sigmund, wielding a +0 scythe of holy wrath and wearing a +0 robe (heavily wounded, ally target, 50% to hit)
You throw a poisoned dart.
The poisoned dart barely misses Sigmund.
Your bat skeleton hits Sigmund but does no damage. x2
Your bat skeleton barely misses Sigmund.
Your quokka skeleton bites Sigmund.
Sigmund gestures at you while chanting. The magic dart hits you!
* * * LOW HITPOINT WARNING * * *
It was a potion of enlightenment.
You feel very buoyant.
You fly up into the air.
Your bat skeleton closely misses Sigmund.
Your bat skeleton barely misses Sigmund.
Your quokka skeleton barely misses Sigmund.
Sigmund barely misses you.
As you read the scroll labelled KUMOESKISADA, it crumbles to dust.
It is a scroll of identify.
h - a scroll of noise Your bat skeleton misses Sigmund.
Your bat skeleton barely misses Sigmund.
Your bat skeleton hits Sigmund but does no damage.
Your quokka skeleton bites Sigmund.
As you read the scroll labelled HAGEBR GE SUV, it crumbles to dust.
You feel strangely unstable.
It was a scroll of teleportation.
Your bat skeleton hits Sigmund.
Your bat skeleton misses Sigmund.
Sigmund hits you from afar with a +0 scythe of holy wrath!
You die...
Sigmund begins carving another notch in his scythe.

#..##.#.# #.
#.#.####... #
#.........#
###.#####.#
#Z## ###.#.##
..###.#
#.###.#.####.#
......ZZ.@...#
#.###.#@###..#
#.###.#.## .#
#......@.# #
#####..........
#.....$....
?........###
.......#.##
#######.#..


You could see Sigmund (ally target), a friendly bat skeleton and a friendly
quokka skeleton.

Vanquished Creatures
  An adder (D:2)
  3 dart slugs
  3 bats
  2 endoplasms
  A giant cockroach (D:2)
  6 goblins
  A hobgoblin (D:1)
  4 jackals (D:1)
  6 kobolds (D:1)
  3 quokkas
  2 ball pythons (D:1)
  2 frilled lizards
  6 rats
40 creatures vanquished.

Vanquished Creatures (collateral kills)
  An endoplasm (D:1)
  A rat (D:1)
2 creatures vanquished.

Grand Total: 42 creatures vanquished

Notes
Turn   | Place    | Note
-------+----------+-------------------------------------------
     0 | D:1      | ElSolo the Human Necromancer began the quest for the Orb.
     0 | D:1      | Reached XP level 1. HP: 13/13 MP: 3/3
   113 | D:1      | Gained mutation: You have a pair of small antennae on your
                  | head. [potion of mutation]
   113 | D:1      | Gained mutation: Your spells are a little harder to cast,
                  | but a little more powerful. [potion of mutation]
   132 | D:1      | Reached XP level 2. HP: 13/20 MP: 1/5
   640 | D:1      | Reached XP level 3. HP: 25/25 MP: 1/6
  1270 | D:2      | Reached XP level 4. HP: 31/31 MP: 4/8
  1329 | D:2      | Noticed Sigmund
  1351 | D:2      | Slain by Sigmund

Illustrated notes

Levels and vault maps discovered:
D:1:      reono_arrival_forest_river, layout_basic
D:2:      layout_loops_ring, serial_shops, nicolae_shop_just_a_little_nook,
          serial_glass, glass_columns_a, glass_columns_a,
          pf_guarded_unrand_woodcutter, uniq_sigmund

Action                     |  1- 3 |  4- 6 || total
---------------------------+-------+-------++-------
  Melee: Unarmed           |     1 |       ||     1
         Dagger            |     4 |       ||     4
  Throw: Dart              |     4 |     2 ||     6
   Cast: Necrotise         |    60 |    11 ||    71
    Use: Potion            |     1 |     1 ||     2
         Scroll            |       |     2 ||     2
 Armour: Robe              |    34 |    11 ||    45
  Dodge: Dodged            |    48 |     6 ||    54

Table legend: (Time is in decaauts)
 A = Elapsed time spent in this place.
 B = Non-inter-level travel time spent in this place.
 C = Inter-level travel time spent in this place.
 D = Time resting spent in this place.
 E = Time spent auto-exploring this place.
 F = Levels seen in this place.
 G = Mean time per level.
                   A        B        C        D        E       F      G
               +--------+--------+--------+--------+--------+-----+--------+
         Total |   1374 |   1374 |      0 |      0 |    726 |   2 |  687.0 |
       Dungeon |   1374 |   1374 |      0 |      0 |    726 |   2 |  687.0 |
               +--------+--------+--------+--------+--------+-----+--------+

Top non-repeatable levels by time:
     D:1: 1146 daAuts
     D:2: 227 daAuts
